 Dungeon Crawl Stone Soup version 0.29-a0-541-gaf1fc19f1b (webtiles) character file.

Game seed: 438587117127276696

84 jlumianski the Covered (level 4, -4/28 HPs)
             Began as a Gargoyle Fighter on June 2, 2022.
             Killed by divine providence
             ... invoked by an orc priest
              (13 damage)
             ... on level 3 of the Dungeon on June 3, 2022.
             The game lasted 00:09:32 (2303 turns).

jlumianski the Covered (Gargoyle Fighter)           Turns: 2303, Time: 00:09:33

Health: -4/28      AC: 14    Str: 21    XL:     4   Next: 45%
Magic:  4/4        EV:  7    Int:  9    God:
Gold:   134        SH:  4    Dex:  9    Spells: 3/3 levels left

rFire   . . .      SeeInvis .   a - +0 war axe
rCold   . . .      Faith    .   c - +0 buckler
rNeg    + . .      Spirit   .   q - +0 chain mail
rPois   ∞          Reflect  .   f - +0 helmet
rElec   +          Harm     .   (no cloak)
rCorr   .          Rampage  .   (no gloves)
Will    .....                   (no boots)
Stlth   ..........              (no amulet)
HPRegen 0.09/turn               (no ring)
MPRegen 0.09/turn               (no ring)

@: no status effects
A: sickness immunity, AC +3, negative energy resistance 1, electricity
resistance, torment resistance 1, petrification resistance
a: no special abilities


You were on level 3 of the Dungeon.
You visited 1 branch of the dungeon, and saw 4 of its levels.

You collected 134 gold pieces.

Inventory:

Hand Weapons
 a - a +0 war axe (weapon)
 r - a +1 short sword of speed
 v - a +0 hunting sling
Missiles
 g - 64 stones
 l - 4 boomerangs (quivered)
Armour
 b - a +0 scale mail
 c - a +0 buckler (worn)
 f - a +0 helmet (worn)
 i - an orb of mayhem
 q - a +0 chain mail (worn)
Wands
 s - a wand of mindburst (12)
Scrolls
 j - 2 scrolls of teleportation
Potions
 d - a potion of might
 e - 2 potions of heal wounds
 h - 2 potions of lignification
 k - 2 potions of flight
 m - a potion of berserk rage
 p - a potion of curing
 t - a potion of haste


   Skills:
 + Level 3.6 Fighting
 + Level 2.9 Axes
 + Level 1.0 Throwing
 + Level 3.8 Armour
 + Level 0.4 Dodging
 + Level 0.1 Stealth
 + Level 3.6 Shields


You had 3 spell levels left.
You didn't know any spells.
Your spell library contained the following spells:

 Spells                   Type           Power      Damage    Failure   Level
 Olgreb's Toxic Radiance  Pois           0%         N/A       100%        4
 Ozocubu's Refrigeration  Ice            0%         4d5       100%        7
 Ignition                 Fire           0%         3d3       100%        8


Dungeon Overview and Level Annotations

Branches:
Dungeon (4/15)
 Temple: D:4-7

Altars:


Innate Abilities, Weirdness & Mutations

You are immune to sickness and miasma.
Your stone body is resilient. (AC +3)
You are immune to poison.
You resist negative energy. (rN+)
You are resistant to electric shocks. (rElec)
You are resistant to unholy torment.
You are immune to petrification.


Message History

You block the orc's attack.
The orc priest looks encouraged for a moment.
You hit the orc.
You kill the orc!
You barely miss the orc priest.
The orc priest is lightly wounded.
The orc priest barely misses you.
You hit the orc priest.
The orc priest is heavily wounded.
You barely miss the kobold. The kobold hits you but does no damage.
An orc priest comes into view. It is wielding a +0 war axe.
The orc priest drinks a potion.
The orc priest is healed!
You completely miss the orc priest.
The orc priest shouts!
You slash the kobold!
You kill the kobold!
The orc priest invokes the aid of Beogh against you.
Pain shoots through your body!
The orc priest calls down the wrath of Beogh upon you.
Beogh smites you!
An orc comes into view. It is wielding a +0 club.
The orc priest mumbles some strange prayers to Beogh against you.
Beogh smites you!
* * * LOW HITPOINT WARNING * * *
You feel much better. The orc hits you but does no damage.
The orc priest looks encouraged for a moment.
An orc comes into view. It is wielding a +0 club.
You completely miss the orc.
The orc shouts!
The orc hits you with a +0 dagger.
You slash the orc!
You kill the orc!
The orc attacks as you move away! The orc hits you with a +0 club.
You see here a +0 whip.
The orc attacks as you move away! The orc hits you but does no damage.
The orc priest invokes the aid of Beogh against you.
Pain shoots through your body!
The orc priest calls down the wrath of Beogh upon you.
Beogh smites you!
You die...

..##....##......#
o..............#
..............#
#.o..##.o....# #.
#.)##.#o....#
#.#..#.#.#....##
#.#..o)#.##.....##########
#.....o##.#.o..##).......
#..........#.#..@.>.#######
............##...####
..............#..#
.................#
#####............#
##############


You could see an orc priest and 2 orcs.

Vanquished Creatures
  2 adders
  2 worms (D:2)
  5 orcs (D:3)
  5 ball pythons
  6 endoplasms
  4 goblins
  7 hobgoblins
  2 jackals (D:1)
  3 quokkas
  3 bats
  7 frilled lizards
  4 kobolds
  3 rats
53 creatures vanquished.

Notes
Turn   | Place    | Note
-------+----------+-------------------------------------------
     0 | D:1      | jlumianski the Gargoyle Fighter began the quest for the
                  | Orb.
     0 | D:1      | Reached XP level 1. HP: 14/14 MP: 1/1
   114 | D:1      | Upgraded the game from 0.29-a0-529-gfa20dd96a1 to
                  | 0.29-a0-541-gaf1fc19f1b
   239 | D:1      | Reached XP level 2. HP: 16/19 MP: 2/2
   667 | D:1      | You fall into a shaft and drop 1 floor!
   818 | D:1      | Reached XP level 3. HP: 21/23 MP: 3/3
  1666 | D:2      | Found a faded altar of an unknown god.
  1742 | D:2      | Reached XP level 4. HP: 28/28 MP: 4/4
  2269 | D:3      | Reached skill level 1 in Throwing
  2290 | D:3      | HP: 1/28 [orc priest/divine providence (10)]
  2303 | D:3      | Killed from afar by an orc priest

Illustrated notes

Levels and vault maps discovered:
D:1:      lightli_arrival_windingriver, layout_basic, serial_glass,
          glass_columns_a, glass_columns_b, glass_columns_a, glass_columns_a,
          kennysheep_minor_cross
D:2:      minmay_inner_zag, layout_basic, ebering_ecumenical_altar_webs
D:3:      layout_rooms, chequers_decorated_corner,
          minmay_misc_feat_secret_circle
D:4:      minmay_octagon_keep, layout_rooms, uniq_crazy_yiuf_cottage,
          uniq_duvessa

Skill      XL: |  1  2  3  4 |
---------------+-------------+-----
Axes           | 2 |  2.9
Throwing       | 1 |  1.0
Fighting       | |  3.6
Armour         | |  3.8
Dodging        | |  0.4
Stealth        | |  0.1
Shields        | |  3.6

Action                   |  1- 3 |  4- 6 || total
-------------------------+-------+-------++-------
Melee: War axe           |   110 |    26 ||   136
       Hunting sling     |       |    29 ||    29
 Fire: Hunting sling     |       |     4 ||     4
Throw: Stone             |    49 |       ||    49
       Boomerang         |       |    12 ||    12
  Use: Scroll            |     4 |     6 ||    10
       Potion            |       |     1 ||     1
Armor: Scale mail        |    45 |       ||    45
       Chain mail        |    14 |    39 ||    53
Dodge: Dodged            |    53 |    24 ||    77
Block: Buckler           |    22 |    11 ||    33

Table legend: (Time is in decaauts)
 A = Elapsed time spent in this place.
 B = Non-inter-level travel time spent in this place.
 C = Inter-level travel time spent in this place.
 D = Time resting spent in this place.
 E = Time spent auto-exploring this place.
 F = Levels seen in this place.
 G = Mean time per level.
                   A        B        C        D        E       F      G
               +--------+--------+--------+--------+--------+-----+--------+
         Total |   2391 |   2308 |     83 |     95 |   1337 |   4 |  597.8 |
       Dungeon |   2391 |   2308 |     83 |     95 |   1337 |   4 |  597.8 |
               +--------+--------+--------+--------+--------+-----+--------+

Top non-repeatable levels by time:
     D:1: 1157 daAuts
     D:2: 917 daAuts
     D:4: 177 daAuts
     D:3: 138 daAuts
